 Dungeon Crawl Stone Soup version 0.20-a0-382-g289d6af (webtiles) character file.

317 Kurtz the Cudgeler (level 6, -5/66 HPs)
             Began as an Ogre Monk on Dec 29, 2016.
             Was a Believer of Okawaru.
             Killed by divine providence
             ... invoked by an orc priest
              (11 damage)
             ... on level 4 of the Dungeon.
             The game lasted 00:04:43 (3880 turns).

Kurtz the Cudgeler (Ogre Monk)                      Turns: 3880, Time: 00:04:45

Health: -5/66      AC:  4    Str: 16    XL:     6   Next: 45%
Magic:  6/6        EV: 11    Int: 11    God:    Okawaru [**....]
Gold:   119        SH:  0    Dex: 15    Spells: 5/5 levels left

rFire  . . .     SeeInvis .     z - +0 flail
rCold  . . .     Gourm    .     b - +0 robe
rNeg   . . .     Faith    .     (no shield)
rPois  .         Spirit   .     (helmet restricted)
rElec  .         Reflect  .     g - +0 cloak
rCorr  .         Harm     .     (gloves unavailable)
MR     .....                    (boots unavailable)
Stlth  ++........               (no amulet)
                                (no ring)
                                t - +2 ring of dexterity

@: no status effects
A: unfitting armour, tough skin 1
a: Heroism, Renounce Religion


You were on level 4 of the Dungeon.
You worshipped Okawaru.
Okawaru was pleased with you.
You were not hungry.

You visited 1 branch of the dungeon, and saw 4 of its levels.

You collected 119 gold pieces.

Inventory:

Hand Weapons
 a - a +0 mace
 r - a +0 blowgun
 z - a +0 flail (weapon)
Missiles
 s - 26 poisoned needles
 x - 5 javelins (quivered)
 y - 5 needles of confusion
Armour
 b - a +0 robe (worn)
 g - a +0 cloak (worn)
Jewellery
 t - a +2 ring of dexterity (left hand)
 A - an uncursed ring of fire
Wands
 j - a wand of confusion (20/48)
Scrolls
 e - 2 scrolls of enchant armour {unknown}
 h - 2 scrolls of teleportation {unknown}
 k - a scroll of noise {unknown}
 l - a scroll of recharging {unknown}
 n - a scroll of fog {unknown}
 o - 2 scrolls of fear {unknown}
 q - a scroll of amnesia {unknown}
 w - a scroll of remove curse {unknown}
Potions
 f - a potion of curing
 i - a potion of magic {unknown}
 p - a potion of heal wounds {unknown}
 u - a potion of flight {unknown}
Comestibles
 c - 3 bread rations
 d - 3 fruits
 m - 2 slices of pizza
 v - 4 chunks of flesh


   Skills:
 + Level 5.1 Fighting
 * Level 6.0 Maces & Flails
 - Level 2.6 Dodging
 - Level 1.4 Stealth


You had 5 spell levels left.
You didn't know any spells.

Dungeon Overview and Level Annotations

Branches:
Dungeon (4/15)
 Temple: D:4-7

Altars:
Elyvilon
Nemelex Xobeh
Okawaru
Trog


Innate Abilities, Weirdness & Mutations

You are too large for most types of armour.
You have tough skin. (AC +1)


Message History

You hit the orc priest but do no damage.
The orc priest barely misses you.
The orc priest mumbles some strange prayers to Beogh against you.
Beogh smites you!
You hit the orc priest.
The orc priest is moderately wounded.
The orc priest hits you.
You hit the orc priest but do no damage.
The orc priest is moderately wounded.
The orc priest hits you but does no damage.
The orc priest hits you.
* * * LOW HITPOINT WARNING * * *
You hit the orc priest but do no damage.
The orc priest is moderately wounded.
The orc priest calls down the wrath of Beogh upon you.
Beogh smites you!
* * * LOW HITPOINT WARNING * * *
The orc priest mumbles some strange prayers to Beogh against you.
Beogh smites you!
You die...

############
###########..........##########
#..<.)...)......####.....)[)..#
#.#########.#...# ##########.#
.. #.##@## #.# .. #.##o# ##.# .
...#.#############..o
#..#......#..........
#..#.........^###....
#..#......###........ #......#
#.###.... ##.....# #.# #....
###.#.....# #####


You could see an orc priest.

Vanquished Creatures
  2 orc priests
  4 orc wizards
  5 adders
  An ooze (D:3)
  5 worms
  A dart slug (D:1)
  2 leopard geckos (D:1)
  7 orcs
  13 bats
  3 giant cockroaches
  9 goblins
  7 hobgoblins
  4 jackals (D:4)
  6 kobolds
  3 quokkas
  3 frilled lizards (D:3)
  6 rats
81 creatures vanquished.

Notes
Turn   | Place    | Note
-------+----------+-------------------------------------------
     0 | D:1      | Kurtz the Ogre Monk began the quest for the Orb.
     0 | D:1      | Reached XP level 1. HP: 24/24 MP: 1/1
   143 | D:1      | Reached skill level 3 in Maces & Flails
   152 | D:1      | Reached XP level 2. HP: 20/32 MP: 2/2
  1012 | D:2      | Reached XP level 3. HP: 38/39 MP: 3/3
  1390 | D:2      | Found a white marble altar of Elyvilon.
  1420 | D:2      | Reached skill level 4 in Maces & Flails
  1420 | D:2      | Reached XP level 4. HP: 22/49 MP: 4/4
  2114 | D:2      | Found a bloodstained altar of Trog.
  2734 | D:3      | Found a sparkling altar of Nemelex Xobeh.
  2734 | D:3      | Found an iron altar of Okawaru.
  2738 | D:3      | Became a worshipper of Warmaster Okawaru
  2738 | D:3      | Reached * piety under Okawaru
  2738 | D:3      | Reached ** piety under Okawaru
  2861 | D:3      | Reached XP level 5. HP: 51/55 MP: 5/5
  2984 | D:3      | Reached skill level 5 in Fighting
  2984 | D:3      | Reached skill level 5 in Maces & Flails
  3537 | D:4      | Reached XP level 6. HP: 52/66 MP: 6/6
  3875 | D:4      | Reached skill level 6 in Maces & Flails
  3880 | D:4      | Killed from afar by an orc priest

Vault maps used:
D:1:      matt_arrival_los_fun
D:2:      bloody_trog, old_standard_altar, first_bread
D:3:      gammafunk_temple_overflow_elements
D:4:      grunt_gozag_statues

Skill      XL: |  1  2  3  4  5  6 |
---------------+-------------------+-----
Maces & Flails | 3 4 5 6 |  6.0
Fighting       | 5 |  5.1
Dodging        | |  2.6
Stealth        | |  1.4

Action                   |  1- 3 |  4- 6 || total
-------------------------+-------+-------++-------
Melee: Mace              |   109 |   153 ||   262
       Flail             |       |    71 ||    71
  Use: Potion            |     1 |     1 ||     2
 Stab: Sleeping          |     4 |     7 ||    11
  Eat: Chunk             |     2 |     8 ||    10
Armor: Robe              |    40 |    64 ||   104
       Skin              |    21 |    16 ||    37
Dodge: Dodged            |    64 |   117 ||   181
